 Dungeon Crawl Stone Soup version 0.23.2-1-ga50397a (webtiles) character file.

Game seed: 4958242103731827102

2683 xveg the Cleaver (level 9, -6/79 HPs)
             Began as a Black Draconian Berserker on May 16, 2019.
             Was an Elder of Trog.
             Mangled by an orc warrior
             ... wielding a +0 war axe
              (17 damage)
             ... on level 9 of the Dungeon.
             The game lasted 00:12:33 (4815 turns).

xveg the Cleaver (Black Draconian Berserker)        Turns: 4815, Time: 00:12:34

Health: -6/79      AC: 11    Str: 23    XL:     9   Next: 37%
Magic:  9/9        EV: 15    Int:  7    God:    Trog [****..]
Gold:   280        SH:  0    Dex: 13    Spells: 8/8 levels left

rFire    . . .     SeeInvis .   w - +5 hand axe of Unreason {chop, rElec Dex+2}
rCold    . . .     Gourm    .   (no shield)
rNeg     . . .     Faith    .   (armour unavailable)
rPois    .         Spirit   .   (helmet restricted)
rElec    +         Reflect  .   (no cloak)
rCorr    .         Harm     .   l - +2 pair of gloves
MR       ++...                  b - +0 pair of boots
Stlth    ++........             (no amulet)
HPRegen  1.23/turn              (no ring)
MPRegen  0.11/turn              (no ring)

@: short of breath, regenerating
A: breathe lightning, unfitting armour, electricity resistance, cold-blooded, AC
+7
a: Breathe Lightning, Berserk, Trog's Hand, Brothers in Arms, Renounce Religion


You were on level 9 of the Dungeon.
You worshipped Trog.
Trog was greatly pleased with you.
You were very full.

You visited 1 branch of the dungeon, and saw 7 of its levels.

You collected 280 gold pieces.

Inventory:

Hand Weapons
 a - a +1 hand axe
 d - a +0 blowgun
 t - a +3 halberd of protection
 w - the +5 hand axe of Unreason (weapon) {chop, rElec Dex+2}
   (You found it on level 5 of the Dungeon)

   It inflicts extra damage upon your enemies.
   It affects your dexterity (+2).
   It insulates you from electricity.
Missiles
 f - 13 poisoned needles
Armour
 b - a +0 pair of boots (worn)
 l - a +2 pair of gloves (worn)
 y - the +0 robe of the Endless Expanse {MR+, unknown}
   (You found it on level 5 of the Dungeon)

   It affects your resistance to hostile enchantments.
Jewellery
 s - an uncursed amulet of guardian spirit {unknown}
Wands
 i - a wand of iceblast (10)
 x - a wand of disintegration (19)
Scrolls
 c - 13 scrolls of identify
 e - 6 scrolls of remove curse
 j - 2 scrolls of teleportation
 o - 2 scrolls of blinking
Potions
 g - 3 potions of curing
 h - 2 potions of might {unknown}
 k - a potion of haste
 m - 4 potions of agility
 n - 2 potions of invisibility {unknown}
 p - 2 potions of brilliance {unknown}
 q - a potion of flight {unknown}
 r - a potion of heal wounds {unknown}


   Skills:
 + Level 7.2 Fighting
 + Level 9.4(9.5) Axes
 + Level 1.4(6.1) Polearms
 + Level 6.0 Dodging
 + Level 3.5 Stealth


You had 8 spell levels left.
You didn't know any spells.
Your spell library was empty.

Dungeon Overview and Level Annotations

Branches:
Dungeon (6/15)
 Temple: D:4-7

Altars:
Kikubaaqudgha
Xom

Annotations:
D:3 2 runed translucent doors, funkygono's ghost, amateur FoVM


Innate Abilities, Weirdness & Mutations

You can breathe wild blasts of lightning.
Your glossy black scales are hard. (AC +7)
You cannot fit into any form of body armour.
You are resistant to electric shocks. (rElec)
You are cold-blooded and may be slowed by cold attacks.


Message History

The orc warrior is heavily wounded.
The orc warrior hits you with a +0 war axe.
You hit the orc warrior but do no damage.
Your tail-slap misses the orc warrior.
The orc warrior is heavily wounded.
The orc wizard casts a spell at you. The puff of frost hits you.
* * * LOW HITPOINT WARNING * * *
The orc warrior hits you with a +0 war axe!!
* * * LOW HITPOINT WARNING * * *
Okay, then.
It was a potion of curing.
You feel better.
The orc warrior hits you with a +0 war axe.
* * * LOW HITPOINT WARNING * * *
Your skin crawls.
You feel resistant to hostile enchantments.
You feel somewhat less full.
You recover from your berserk rage.
The orc warrior hits you with a +0 war axe!
You die...

..#......####.#+#†#...≈..
.................)....≈≈.
≈≈≈≈≈≈≈≈≈≈≈≈≈≈≈8.........
≈≈≈≈≈≈≈≈≈≈≈≈≈≈8≈)†.......
############†.≈≈...((....
....#o≈≈.)..(###.
....##≈≈)(.....#
....†.)o(###...#
....##≈≈@# ...# ...
#.≈≈.......# #
#'.≈≈.....:...
≈≈≈≈≈8≈........#
≈≈≈≈≈≈8........
................
..#......##+###. #.......


You could see an orc warrior and an orc wizard.

Vanquished Creatures
  Grinder (D:3)
  4 yaks (D:9)
  2 hungry ghosts
  An orc warrior (D:9)
  2 black bears (D:6)
  An ogre (D:6)
  A phantom (D:4)
  2 bullfrogs
  3 scorpions
  An electric eel (D:9)
  A howler monkey (D:4)
  2 crimson imps
  5 orc priests
  A jelly (D:3)
  4 orc wizards
  An iguana (D:5)
  Natasha (twice) (D:3)
  A worker ant (D:5)
  A hound zombie (D:9)
  A worker ant zombie (D:5)
  Robin (D:2)
  A howler monkey zombie (D:6)
  6 adders
  10 gnolls
  A shadow imp (D:5)
  2 adder skeletons
  4 worms
  5 dart slugs
  3 leopard geckos
  22 orcs
  7 giant cockroaches
  17 goblins
  10 hobgoblins
  8 jackals
  7 kobolds
  3 quokkas
  2 ball pythons (D:3)
  7 bats
  9 frilled lizards
  11 rats
173 creatures vanquished.

Notes
Turn   | Place    | Note
-------+----------+-------------------------------------------
     0 | D:1      | xveg the Draconian Berserker began the quest for the Orb.
     0 | D:1      | Reached XP level 1. HP: 19/19 MP: 1/1
   273 | D:1      | Reached XP level 2. HP: 25/26 MP: 2/2
   687 | D:2      | Reached XP level 3. HP: 22/33 MP: 3/3
   690 | D:2      | Reached ** piety under Trog
  1249 | D:2      | Reached XP level 4. HP: 40/40 MP: 4/4
  1256 | D:2      | Noticed Robin
  1261 | D:2      | Killed Robin
  1265 | D:2      | Reached skill level 4 in Axes
  1330 | D:2      | HP: 1/40 [gnoll/+0 whip (9)]
  1517 | D:3      | Found a large runed translucent door.
  1517 | D:3      | Found a large runed translucent door.
  1517 | D:3      | Noticed funkygono's ghost (amateur FoVM)
  1540 | D:3      | Noticed Grinder
  1540 | D:3      | Noticed Natasha
  1541 | D:3      | Paralysed by Grinder for 7 turns
  1552 | D:3      | Reached *** piety under Trog
  1553 | D:3      | Killed Natasha
  1553 | D:3      | Reached skill level 1 in Stealth
  1553 | D:3      | Reached XP level 5. HP: 13/46 MP: 5/5
  1555 | D:3      | Killed Grinder
  1555 | D:3      | Reached skill level 5 in Axes
  1555 | D:3      | Reached XP level 6. HP: 13/53 MP: 6/6
  1568 | D:3      | Noticed Natasha
  2235 | D:3      | Found an ancient bone altar of Kikubaaqudgha.
  2378 | D:3      | Killed Natasha
  2528 | D:4      | Reached skill level 5 in Fighting
  2528 | D:4      | Your scales start taking on a glossy black colour.
  2528 | D:4      | Reached XP level 7. HP: 37/61 MP: 7/7
  2528 | D:4      | Gained mutation: You are resistant to electric shocks.
                  | (rElec) [Black Draconian growth]
  2574 | D:4      | Reached skill level 6 in Axes
  3277 | D:5      | Entered Level 5 of the Dungeon
  3800 | D:5      | Found a shimmering altar of Xom.
  3807 | D:5      | Got an iridescent hand axe
  3808 | D:5      | Identified the +5 hand axe of Unreason {chop, rElec Dex+2}
                  | (You found it on level 5 of the Dungeon)
  3873 | D:5      | Reached **** piety under Trog
  3994 | D:5      | Got a slimy robe
  4153 | D:6      | Noticed a hungry ghost
  4159 | D:6      | Reached skill level 7 in Axes
  4159 | D:6      | Reached XP level 8. HP: 70/70 MP: 8/8
  4172 | D:6      | Reached skill level 1 in Polearms
  4172 | D:6      | Reached skill level 5 in Dodging
  4388 | D:6      | You fall through a shaft for 3 floors!
  4415 | D:9      | Reached skill level 8 in Axes
  4460 | D:9      | Reached XP level 9. HP: 64/78 MP: 9/9
  4470 | D:9      | Reached skill level 9 in Axes
  4815 | D:9      | Mangled by an orc warrior

Skill      XL: |  1  2  3  4  5  6  7  8  9 |
---------------+----------------------------+-----
Dodging        | 3 4 5 6 |  6.0
Fighting       | 4 5 6 7 |  7.2
Axes           | 4 5 7 8 9 |  9.4
Stealth        | 1 2 3 |  3.5
Polearms       | 1 |  1.4

Action                   |  1- 3 |  4- 6 |  7- 9 || total
-------------------------+-------+-------+-------++-------
Melee: Hand axe          |   109 |   130 |   217 ||   456
       Tailslap          |     7 |    16 |    37 ||    60
       Halberd           |       |       |    11 ||    11
Invok: Berserk           |     1 |     3 |     2 ||     6
       Trog's Hand       |       |     1 |     2 ||     3
 Abil: Breathe Lightning |       |       |     3 ||     3
  Use: Scroll            |       |     9 |     4 ||    13
       Potion            |       |       |     1 ||     1
 Stab: Sleeping          |     1 |     1 |     2 ||     4
       Distracted        |       |       |     1 ||     1
  Eat: Chunk             |     2 |       |     1 ||     3
       Ration            |       |     2 |     6 ||     8
Armor: Skin              |    36 |    56 |    74 ||   166
Dodge: Dodged            |    73 |    96 |   167 ||   336
